 Dungeon Crawl Stone Soup version 0.22-a0-845-g8bfc27d (webtiles) character file.

313 Dietz the Chucker (level 6, 0/59 HPs)
             Began as an Ogre Arcane Marksman on July 26, 2018.
             Was a Follower of Makhleb.
             Slain by an orc wizard
             ... wielding a +0 dagger
              (1 damage)
             ... on level 4 of the Dungeon.
             The game lasted 00:20:18 (4071 turns).

Dietz the Chucker (Ogre Arcane Marksman)            Turns: 4071, Time: 00:20:18

Health: 0/59       AC:  4    Str: 21    XL:     6   Next: 43%
Magic:  10/10      EV: 10    Int: 14    God:    Makhleb [*.....]
Gold:   143        SH:  2    Dex: 10    Spells: 2/11 levels left

rFire    . . .     SeeInvis .   c - +0 flail
rCold    . . .     Gourm    .   (no shield)
rNeg     . . .     Faith    .   a - +1 robe
rPois    .         Spirit   .   (helmet restricted)
rElec    .         Reflect  +   (no cloak)
rCorr    .         Harm     .   (gloves unavailable)
MR       +....                  (boots unavailable)
Stlth    +.........             r - +2 amulet of reflection
HPRegen  0.19/turn              D - ring of protection from magic
MPRegen  0.12/turn              y - ring of wizardry

@: mighty
A: large, unfitting armour, tough skin 1
a: Renounce Religion


You were on level 4 of the Dungeon.
You worshipped Makhleb.
Makhleb was aware of your devotion.
You were very full.

You visited 1 branch of the dungeon, and saw 4 of its levels.

You collected 143 gold pieces.

Inventory:

Hand Weapons
 c - a +0 flail (weapon)
 d - a +0 giant club
Missiles
 g - 69 stones (quivered)
 u - a throwing net
Armour
 a - a +1 robe (worn)
Jewellery
 j - an uncursed ring of protection from fire
 q - an uncursed amulet of the gourmand
 r - a +2 amulet of reflection (around neck)
 y - a ring of wizardry (right hand)
 C - an uncursed ring of protection from fire
 D - a ring of protection from magic (left hand)
Wands
 o - a wand of disintegration (19)
Scrolls
 b - 3 scrolls of identify {unknown}
 e - a scroll of fear {unknown}
 i - 2 scrolls of remove curse {unknown}
 m - a scroll of fog {unknown}
 p - a scroll of immolation {unknown}
 s - 2 scrolls of enchant weapon {unknown}
 w - a scroll of teleportation {unknown}
 x - a scroll of enchant armour
Potions
 h - a potion of ambrosia {unknown}
 l - a potion of haste {unknown}
 n - a potion of resistance {unknown}
 t - a potion of brilliance {unknown}
 z - a potion of lignification {unknown}
 B - a potion of mutation {unknown}
Comestibles
 f - 6 rations


   Skills:
 + Level 2.9 Fighting
 + Level 2.2 Maces & Flails
 + Level 4.3 Throwing
 - Level 1.7 Dodging
 + Level 3.0 Spellcasting
 + Level 3.3 Hexes


You had 2 spell levels left.
You knew the following spells:

 Your Spells              Type           Power        Failure   Level  Hunger
a - Corona                Hex            ##.....      2%          1    #......
b - Slow                  Hex            ##......     3%          2    ##.....
c - Portal Projectile     Hex/Tloc       #.....       13%         3    ###....
d - Inner Flame           Hex/Fire       #.......     13%         3    ###....

Your spell library contained the following spells:

 Spells                   Type           Power        Failure   Level  Hunger
 Cause Fear               Hex            ##........   21%         4    #####..
 Leda's Liquefaction      Hex/Erth       #.........   38%         4    #####..


Dungeon Overview and Level Annotations

Branches:
Dungeon (4/15)
 Temple: D:4-7

Altars:
Kikubaaqudgha
Makhleb
Uskayaw


Innate Abilities, Weirdness & Mutations

You are too large for most types of armour.
You have tough skin. (AC +1)


Message History

Throwing (i - inventory. (/) - cycle)
g - 70 stones (quivered)
Press: ? - help, Shift-Dir - straight line, f - orc, p - orc
Aim: an orc, wielding a dagger and wearing a leather armour (almost dead)
You throw a stone. The stone hits the orc.
You kill the orc!
Makhleb accepts your kill. The orc completely misses you. Something hits you.
* * * LOW HITPOINT WARNING * * *
You hear some strange, mumbled words.
A magic dart appears from out of thin air!
The magic dart hits you!
* * * LOW HITPOINT WARNING * * *
It was a potion of cancellation.
You feel magically purged. Something hits you.
* * * LOW HITPOINT WARNING * * *
The jackal closely misses you. The orc hits you but does no damage.
It was a potion of might.
You feel very mighty all of a sudden. Something hits you.
You die...

###..#####....#
............#
###.##.###...#
#.##.## ###
#.#...##
#.(((..##
##...h...##
#...o{h...##
#....@)....#
#.....<....#
##.......#.#
##.....##.#
##...## # #.###
#.# .. ..#


You could see an orc and 2 jackals.

Vanquished Creatures
  An ogre (D:2)
  A hound (D:2)
  Ijyb (D:3)
  7 gnolls
  2 adders (D:2)
  An ooze (D:3)
  3 worms (D:2)
  2 dart slugs
  3 leopard geckos
  6 orcs
  6 giant cockroaches
  4 goblins
  2 hobgoblins (D:1)
  2 jackals
  11 kobolds
  3 quokkas
  4 bats (D:1)
  7 frilled lizards
  7 rats
73 creatures vanquished.

Notes
Turn   | Place    | Note
-------+----------+-------------------------------------------
     0 | D:1      | Dietz the Ogre Arcane Marksman began the quest for the Orb.
     0 | D:1      | Reached XP level 1. HP: 19/19 MP: 2/2
   110 | D:1      | Reached XP level 2. HP: 24/27 MP: 3/3
   337 | D:1      | Reached skill level 3 in Throwing
   695 | D:1      | Learned a level 2 spell: Slow
  1384 | D:2      | Reached XP level 3. HP: 16/33 MP: 4/4
  1618 | D:2      | Noticed an ogre
  1736 | D:2      | Found a hide-covered altar of Uskayaw.
  1922 | D:2      | Found a burning altar of Makhleb.
  1923 | D:2      | Reached skill level 1 in Maces & Flails
  1923 | D:2      | Reached XP level 4. HP: 42/42 MP: 6/6
  1929 | D:2      | Became a worshipper of Makhleb the Destroyer
  1969 | D:2      | Found an ancient bone altar of Kikubaaqudgha.
  2004 | D:2      | Learned a level 3 spell: Portal Projectile
  2712 | D:1      | Reached XP level 5. HP: 46/50 MP: 4/8
  2780 | D:2      | Reached skill level 4 in Throwing
  2891 | D:2      | Killed an ogre
  2972 | D:3      | Noticed Ijyb
  2979 | D:3      | Killed Ijyb
  2979 | D:3      | Reached XP level 6. HP: 53/59 MP: 0/10
  3134 | D:3      | Learned a level 3 spell: Inner Flame
  3819 | D:3      | Reached * piety under Makhleb
  4070 | D:4      | HP: 1/59 [something (2)]
  4071 | D:4      | Slain by an orc wizard

Vault maps used:
D:1:      matt_arrival_refuge, hangedman_decor_growths, minmay_unequal
D:2:      makhleb_heckhound_becter, lemuel_coloured_pillars_altar,
          hex_intersection, st_stairs_6, lemuel_tele_altar
D:3:      first_ration, uniq_ijyb
D:4:      minitemple, uniq_blork_the_orc, uniq_purgy

Skill      XL: |  1  2  3  4  5  6 |
---------------+-------------------+-----
Throwing       | 3 4 |  4.3
Fighting       | 2 |  2.9
Maces & Flails | 1 2 |  2.2
Spellcasting   | 2 3 |  3.0
Hexes          | 3 |  3.3
Dodging        | |  1.7

Action                   |  1- 3 |  4- 6 || total
-------------------------+-------+-------++-------
Melee: Club              |   127 |    20 ||   147
       Unarmed           |     2 |       ||     2
       Whip              |       |    20 ||    20
       Flail             |       |    71 ||    71
Throw: Large rock        |    18 |    26 ||    44
       Throwing net      |       |     2 ||     2
       Stone             |       |    17 ||    17
 Cast: Corona            |    13 |     6 ||    19
       Slow              |     2 |     7 ||     9
       Portal Projectile |       |     5 ||     5
       Inner Flame       |       |     1 ||     1
  Use: Potion            |       |     2 ||     2
       Scroll            |       |     1 ||     1
  Eat: Chunk             |     4 |    17 ||    21
Armor: Robe              |    54 |    43 ||    97
Dodge: Dodged            |   104 |    90 ||   194
Block: Other             |       |     4 ||     4

Table legend:
 A = Spawn XP
 B = Non-spawn XP
 C = Spawn XP percentage of total XP
 D = Spawn monster count
 E = Non-spawn monster count
 F = Spawn count percentage of total count
 G = Total turns spent on level
                    A         B        C        D         E        F      G
               +---------+---------+-------+---------+---------+-------+---------
         Total |       0 |     448 |   0.0 |       0 |      73 |   0.0 |  4071
               +---------+---------+-------+---------+---------+-------+---------
           D:1 |       0 |      51 |   0.0 |       0 |      25 |   0.0 |  1536
           D:2 |       0 |     253 |   0.0 |       0 |      23 |   0.0 |  1436
           D:3 |       0 |     135 |   0.0 |       0 |      22 |   0.0 |  1051
           D:4 |       0 |       9 |   0.0 |       0 |       3 |   0.0 |    48
               +---------+---------+-------+---------+---------+-------+---------
